 Dungeon Crawl Stone Soup version 0.27.1-2-g3b301248ec (webtiles) character file.

Game seed: 5359107773320951767

3290 Borgoz the Fighter (level 10, -2/64 HPs)
             Began as a Gargoyle Monk on Sept 28, 2021.
             Slain by a two-headed ogre (15 damage)
             ... on level 8 of the Dungeon.
             The game lasted 00:08:35 (7423 turns).

Borgoz the Fighter (Gargoyle Monk)                  Turns: 7423, Time: 00:08:36

Health: -2/64      AC: 23    Str: 18    XL:     10   Next: 1%
Magic:  0/10       EV:  7    Int: 11    God:
Gold:   256        SH:  0    Dex: 12    Spells: 9/9 levels left

rFire    + . .     SeeInvis .   b - +1 whip (elec)
rCold    . . .     Faith    .   (no shield)
rNeg     + . .     Spirit   +   r - +0 plate armour
rPois    ∞         Reflect  .   (no helmet)
rElec    +         Harm     .   h - scarf {repulsion}
rCorr    .         Rampage  .   f - +0 pair of gloves
Will     .....                  c - +0 pair of boots
Stlth    ..........             m - amulet of guardian spirit
HPRegen  0.20/turn              n - ring of protection from fire
MPRegen  0.12/turn              (no ring)

@: repel missiles
A: sickness immunity, AC +7, negative energy resistance 1, electricity
resistance, torment resistance 1, petrification resistance
a: no special abilities


You were on level 8 of the Dungeon.
You visited 1 branch of the dungeon, and saw 8 of its levels.
You also visited: Ossuary.

You collected 256 gold pieces.

Inventory:

Hand Weapons
 a - a +0 mace of draining
 b - a +1 whip of electrocution (weapon)
Armour
 c - a +0 pair of boots (worn)
 f - a +0 pair of gloves (worn)
 h - a scarf of repulsion (worn)
 r - a +0 plate armour (worn)
Jewellery
 d - a ring of ice
 m - an amulet of guardian spirit (around neck)
 n - a ring of protection from fire (left hand)
Wands
 u - a wand of flame (14)
Scrolls
 e - a scroll of enchant armour
 k - a scroll of magic mapping
 p - a scroll of fog
 s - a scroll of immolation {unknown}
Potions
 g - a potion of magic {unknown}
 i - a potion of brilliance {unknown}
 j - a potion of heal wounds
 l - 2 potions of flight
 o - 4 potions of curing
 q - 3 potions of attraction {unknown}
 t - 2 potions of lignification {unknown}


   Skills:
 + Level 8.3 Fighting
 + Level 7.5 Maces & Flails
 + Level 7.4 Armour
 + Level 6.2 Dodging
 - Level 2.1 Stealth


You had 9 spell levels left.
You didn't know any spells.
Your spell library contained the following spells:

 Spells                   Type           Power      Damage    Failure   Level
 Passwall                 Tmut/Erth      0%         N/A       100%        2
 Call Canine Familiar     Summ           0%         N/A       100%        3
 Frozen Ramparts          Ice            0%         1d2       100%        3
 Inner Flame              Hex/Fire       0%         N/A       100%        3
 Portal Projectile        Hex/Tloc       0%         N/A       100%        3
 Summon Guardian Golem    Hex/Summ       0%         N/A       100%        3
 Swiftness                Air            0%         N/A       100%        3
 Cause Fear               Hex            0%         N/A       100%        4
 Ice Form                 Ice/Tmut       0%         N/A       100%        4
 Leda's Liquefaction      Hex/Erth       0%         N/A       100%        4
 Summon Ice Beast         Ice/Summ       0%         N/A       100%        4
 Invisibility             Hex            0%         N/A       100%        6
 Orb of Destruction       Conj           0%         N/A       100%        7
 Spellforged Servitor     Conj/Summ      0%         N/A       100%        7
 Discord                  Hex            0%         N/A       100%        8


Dungeon Overview and Level Annotations

Branches:
Dungeon (8/15)             Temple (0/1) D:7         Ossuary (visited)
   Lair: D:8-11

Altars:
Ashenzari
Dithmenos
Fedhas
Nemelex Xobeh
Trog
Yredelemnul


Innate Abilities, Weirdness & Mutations

You are immune to sickness and miasma.
Your stone body is resilient. (AC +7)
You are immune to poison.
You resist negative energy. (rN+)
You are resistant to electric shocks. (rElec)
You are resistant to unholy torment.
You are immune to petrification.


Message History

The two-headed ogre barely misses you.
The two-headed ogre hits you but does no damage.
You hit the two-headed ogre but do no damage.
The two-headed ogre is lightly wounded.
You barely miss the two-headed ogre.
The two-headed ogre is lightly wounded.
The two-headed ogre hits you with a +0 giant spiked club.
The two-headed ogre hits you but does no damage.
You hit the two-headed ogre.
Lightning courses through the two-headed ogre!
The two-headed ogre is moderately wounded.
The two-headed ogre completely misses you.
The two-headed ogre hits you but does no damage.
You hit the two-headed ogre but do no damage.
The two-headed ogre is moderately wounded.
You hit the two-headed ogre.
Lightning courses through the two-headed ogre!
The two-headed ogre is severely wounded.
The two-headed ogre hits you with a +0 giant spiked club!
The two-headed ogre hits you with a +0 giant club!
You whack the two-headed ogre!
The two-headed ogre is severely wounded.
You hit the two-headed ogre but do no damage.
The two-headed ogre is severely wounded.
The two-headed ogre hits you with a +0 giant spiked club.
The two-headed ogre hits you with a +0 giant club.
You hit the two-headed ogre.
The two-headed ogre is almost dead.
You hit the two-headed ogre.
The two-headed ogre is almost dead.
The two-headed ogre hits you with a +0 giant spiked club!!
The two-headed ogre hits you with a +0 giant club!
* * * LOW HITPOINT WARNING * * *
You are too injured to fight recklessly!
You hit the two-headed ogre.
The two-headed ogre is almost dead.
You hit the two-headed ogre but do no damage.
The two-headed ogre is almost dead.
The two-headed ogre hits you with a +0 giant spiked club!
You die...

####### ####
##.....##.....
##.............
#......<.......
#.....@........
#.....O........
#..............
#..............
#..............
##.............
##.....##.....
####### ####


You could see a two-headed ogre.

Vanquished Creatures
  2 centaur zombies
  A troll (D:6)
  Sigmund (D:3)
  A steam dragon (D:7)
  A water moccasin (D:3)
  An orc warrior (D:7)
  A sky beast (D:5)
  A centaur (D:7)
  2 ogres
  A phantom (D:4)
  A kobold brigand (D:6)
  A bullfrog (D:6)
  2 scorpions (D:4)
  7 water moccasin zombies
  A water moccasin skeleton (D:6)
  5 wights (D:6)
  3 howler monkeys (D:7)
  3 orc priests
  A bullfrog zombie (D:5)
  A jelly (D:7)
  2 bullfrog skeletons (D:6)
  2 hounds (D:5)
  A centaur skeleton (D:6)
  2 iguanas
  2 orc wizards
  A killer bee zombie (D:7)
  2 hound zombies (D:5)
  A hound skeleton (D:5)
  2 mummies (Ossuary)
  Robin (D:2)
  4 howler monkey skeletons
  A howler monkey zombie (D:5)
  3 gnolls (D:2)
  6 adders
  A shadow imp (D:7)
  A white imp (D:6)
  An ufetubus (D:5)
  An adder skeleton (D:4)
  10 adder zombies (Ossuary)
  A worm (D:4)
  2 dart slugs
  10 orcs
  6 ball pythons
  8 endoplasms
  3 giant cockroaches
  3 gnoll zombies (Ossuary)
  14 goblins
  11 hobgoblins
  3 jackals (D:1)
  A quokka (D:3)
  6 bats
  A frilled lizard (D:3)
  A hobgoblin zombie (Ossuary)
  11 kobolds
  3 kobold zombies (Ossuary)
  5 orc zombies (Ossuary)
  7 rats
177 creatures vanquished.

Vanquished Creatures (others)
  A sky beast (D:7)
  7 fungi (D:4)
  A plant (D:3)
9 creatures vanquished.

Grand Total: 186 creatures vanquished

Notes
Turn   | Place    | Note
-------+----------+-------------------------------------------
     0 | D:1      | Borgoz the Gargoyle Monk began the quest for the Orb.
     0 | D:1      | Reached XP level 1. HP: 14/14 MP: 1/1
   151 | D:1      | Reached XP level 2. HP: 16/19 MP: 2/2
   364 | D:1      | Found a faded altar of an unknown god.
   646 | D:1      | Reached skill level 1 in Armour
   764 | D:1      | Reached XP level 3. HP: 24/24 MP: 3/3
  1161 | D:2      | Reached XP level 4. HP: 23/29 MP: 4/4
  1307 | D:2      | Noticed Robin
  1332 | D:2      | Killed Robin
  1333 | D:2      | Reached skill level 4 in Fighting
  2199 | D:3      | Noticed an ogre
  2209 | D:3      | Killed an ogre
  2210 | D:3      | Reached XP level 5. HP: 24/34 MP: 5/5
  2368 | D:3      | Reached XP level 6. HP: 31/39 MP: 6/6
  2552 | D:3      | Noticed a water moccasin
  2567 | D:3      | Killed a water moccasin
  2720 | D:3      | Noticed Sigmund
  2724 | D:3      | Found a bloodstained altar of Trog.
  2754 | D:3      | HP: 2/40 [something (9)]
  2755 | D:3      | Killed Sigmund
  2756 | D:3      | Reached skill level 5 in Fighting
  2756 | D:3      | Reached XP level 7. HP: 3/44 MP: 7/7
  3664 | D:4      | Reached skill level 5 in Maces & Flails
  3667 | D:4      | Found the +7 Singing Sword {vorpal, sonic wave}
  3995 | D:4      | Found a shadowy altar of Dithmenos.
  3998 | D:4      | Found a sparkling altar of Nemelex Xobeh.
  4001 | D:4      | Found a broken altar of Ashenzari.
  4011 | D:4      | Found a blossoming altar of Fedhas.
  4217 | D:5      | Entered Level 5 of the Dungeon
  4353 | D:5      | Reached XP level 8. HP: 51/51 MP: 8/8
  4353 | D:5      | Found a basalt altar of Yredelemnul.
  4448 | D:5      | Reached skill level 6 in Fighting
  4476 | D:5      | Reached skill level 5 in Armour
  4753 | D:5      | Found a sand-covered staircase.
  4838 | Ossuary  | Entered an ossuary
  5053 | Ossuary  | Reached skill level 5 in Dodging
  5567 | D:6      | Reached XP level 9. HP: 39/56 MP: 6/9
  5584 | D:6      | Reached skill level 7 in Fighting
  6631 | D:7      | Found a staircase to the Ecumenical Temple.
  6664 | D:7      | Noticed a troll
  6685 | D:7      | Reached skill level 8 in Fighting
  6692 | D:6      | HP: 1/59 [troll (3)]
  6696 | D:6      | Killed a troll
  7019 | D:7      | Reached XP level 10. HP: 54/64 MP: 8/10
  7409 | D:8      | Noticed a two-headed ogre
  7423 | D:8      | Slain by a two-headed ogre

Illustrated notes

Levels and vault maps discovered:
D:1:      heliophobic_arrival_battle_scene, layout_loops_ring,
          ebering_ecumenical_altar_abandoned, hangedman_decor_diamond_cutter
D:2:      layout_basic, minmay_misc_feat_columns, uniq_robin
D:3:      layout_rooms, mainiacjoe_overflow_boulevard, serial_bayou_pond_d,
          uniq_sigmund
D:4:      old_forge, layout_loops_ring, grunt_temple_overflow_cloverleaf
D:5:      layout_loops_cross, nicolae_yredelemnul_corpse_copse,
          nicolae_ossuary_entry_ruins
D:6:      layout_rooms
D:7:      layout_rooms, minmay_temple_entry_statues_fountains
D:8:      layout_rooms, lair_entry_dummy, grunt_ministairs_10,
          minmay_shattered_shrine

Skill      XL: |  1  2  3  4  5  6  7  8  9 |
---------------+----------------------------+-----
Armour         | 1 2 3 4 5 7 |  7.4
Fighting       | 4 5 6 8 |  8.3
Dodging        | 3 4 5 6 |  6.2
Maces & Flails | 4 5 6 7 |  7.5
Stealth        | |  2.1

Action                   |  1- 3 |  4- 6 |  7- 9 | 10-12 || total
-------------------------+-------+-------+-------+-------++-------
Melee: Mace              |    49 |     9 |       |       ||    58
       Whip              |    15 |   135 |   546 |    14 ||   710
  Use: Scroll            |       |     4 |     8 |     1 ||    13
       Potion            |       |     3 |     5 |       ||     8
 Stab: Sleeping          |     6 |     3 |       |       ||     9
       Distracted        |       |     1 |       |       ||     1
       Invisible         |       |       |     2 |       ||     2
Armor: Robe              |    23 |    36 |       |       ||    59
       Ring mail         |       |    21 |    44 |       ||    65
       Plate armour      |       |       |   333 |     4 ||   337
Dodge: Dodged            |    56 |    69 |   196 |     2 ||   323
